 Dungeon Crawl Stone Soup version 0.29.1-2-gbd0b4ee654 (webtiles) character file.

Game seed: 3118252202061052534

163 zeram the Magician (level 5, 0/36 HPs)
             Began as a Djinni Summoner on Nov 10, 2022.
             Killed by divine providence
             ... invoked by an orc priest
              (13 damage)
             ... on level 3 of the Dungeon.
             The game lasted 00:05:50 (3755 turns).

zeram the Magician (Djinni Summoner)                Turns: 3755, Time: 00:05:50

Health: 0/36       AC:  3    Str:  4    XL:     5   Next: 72%
Gold:   36         EV: 13    Int: 18    God:
                   SH:  0    Dex: 20

rFire   + + +      SeeInvis .   l - +3 trident of Uskayaw, Hungering {flame, rPois rF+ Str-3 Dex+6}
rCold   x . .      Faith    .   (no shield)
rNeg    . . .      Spirit   .   a - +1 robe
rPois   ∞          Reflect  .   (no helmet)
rElec   .          Harm     .   (no cloak)
rCorr   .          Rampage  .   (no gloves)
Will    .....                   (boots unavailable)
Stlth   ++........              (no amulet)
HPRegen 0.12/turn               (no ring)
MPRegen 0.00/turn               (no ring)

@: about to teleport, flying
A: sickness immunity, fire resistance 2, cold vulnerability 1, float, innate
caster, HP casting, extra vitality 1
a: no special abilities


You were on level 3 of the Dungeon.
You visited 1 branch of the dungeon, and saw 3 of its levels.

You collected 36 gold pieces.

Inventory:

Hand Weapons
 c - a +2 short sword of freezing
 l - the +3 trident of Uskayaw, Hungering (weapon) {flame, rPois rF+ Str-3 Dex+6}
   (You found it on level 3 of the Dungeon)

   It burns those it strikes, dealing additional fire damage.
   Str:       It affects your strength (-3).
   Dex:       It affects your dexterity (+6).
   rF:        It protects you from fire.
   rPois:     It protects you from poison.
Armour
 a - a +1 robe (worn)
Scrolls
 e - a scroll of torment
 h - a scroll of immolation {unknown}
 k - a scroll of teleportation
Potions
 b - 2 potions of heal wounds
 d - a potion of degeneration {unknown}
 f - a potion of resistance
 g - 2 potions of curing
 i - a potion of attraction {unknown}
 j - 2 potions of might {unknown}
 m - 3 potions of brilliance {unknown}
 n - a potion of haste


   Skills:
 + Level 0.7 Fighting
 + Level 1.8 Short Blades
 + Level 0.3 Polearms
 + Level 3.1 Dodging
 + Level 2.6 Stealth
 + Level 0.5 Unarmed Combat
 + Level 3.9 Spellcasting


You couldn't memorise any spells.
You knew the following spells:

 Your Spells              Type           Power      Damage    Failure   Level
a - Summon Small Mammal   Summ           68%        N/A       3%          1
b - Call Imp              Summ           17%        N/A       4%          2
c - Call Canine Familiar  Summ           17%        N/A       9%          3
d - Summon Guardian Gole  Hex/Summ       17%        N/A       9%          3
e - Summon Lightning Spi  Summ/Air       17%        N/A       30%         4
f - Magic Dart            Conj           68%        1d6       3%          1
g - Passwall              Tmut/Erth      14%        N/A       4%          2
Your spell library was empty.

Dungeon Overview and Level Annotations

Branches:
Dungeon (3/15)

Altars:

Shops:
D:2 :


Innate Abilities, Weirdness & Mutations

You are immune to sickness and miasma.
You are immune to poison.
Your flesh is very heat resistant. (rF++)
You are vulnerable to cold. (rC-)
You float through the air rather than walking.
You learn spells naturally, not from books.
Your magical power is your life essence.
You have superior vitality. (+4 MHP)


Message History

You reach to attack!
You completely miss the dart slug. You puncture the dart slug!
You burn the dart slug.
You kill the dart slug!
No target in view!
You see here a dart slug corpse.
There is a stone staircase leading down here.
Key pressed, stopping explore.
m - 3 fuming cyan potions (gained 1) As you open the door, it creaks loudly!
There is an open door here.
An orc comes into view. It is wielding a +0 mace.
Found a dented jasper amulet.
An orc is nearby!
An orc is nearby!
An orc is nearby!
An orc is nearby!
An orc is nearby!
An orc priest and 3 orcs come into view.
An orc is wielding a +1 hand axe of electrocution.
The orc priest is wielding a +0 vampiric whip.
Found 11 gold pieces.
The orc shouts! x2
An orc wizard comes into view. It is wielding a +0 dagger.
You reach to attack!
You hit the orc but do no damage. You puncture the orc! You burn the orc.
You kill the orc!
The orc wizard gestures wildly while chanting.
The orc wizard flickers and vanishes!
Deactivating autopickup; reactivate with Ctrl-A.
You barely miss the orc.
The orc hits you with a +1 hand axe of electrocution.
The orc hits you but does no damage.
The orc hits you with a +1 hand axe of electrocution.
You are electrocuted!
The orc priest begins to cast a cantrip, but forgets the words!
Unknown command.
As you read the scroll of teleportation, it crumbles to dust.
You feel strangely unstable. The orc barely misses you.
The orc priest mumbles some strange prayers to Beogh against you.
Beogh smites you!
You die...

..###.###.....###
..............#
######
......#####'###
.....# ##... .#
#..## .....# .#
## ...###..#
.....# ..
#....#.## .....#
.. ####....#
.....# ..
###..##oo...#. .#
##..@o...... )#
.......##o.."...
## ....##.#
.....## # ... ..#
.$...# # . #.##
###+## .. ## #.#
.### .. ...###


You could see an orc priest and 3 orcs.

Vanquished Creatures
  8 adders
  A worm (D:2)
  2 dart slugs
  2 orcs (D:3)
  4 ball pythons
  4 bats
  3 endoplasms
  A giant cockroach (D:3)
  8 goblins
  4 hobgoblins
  4 jackals
  2 frilled lizards
  3 kobolds
  6 rats
52 creatures vanquished.

Vanquished Creatures (collateral kills)
  2 adders
  A ball python (D:3)
  An endoplasm (D:1)
  A hobgoblin (D:1)
  3 jackals (D:3)
  2 kobolds (D:1)
  A rat (D:1)
11 creatures vanquished.

Grand Total: 63 creatures vanquished

Notes
Turn   | Place    | Note
-------+----------+-------------------------------------------
     0 | D:1      | zeram the Djinni Summoner began the quest for the Orb.
     0 | D:1      | zeram set off with the following spells memorised: Summon
                  | Small Mammal, Call Imp, Call Canine Familiar, Summon
                  | Guardian Golem, Summon Lightning Spire.
     0 | D:1      | Reached XP level 1. HP: 15/15 MP: 0/0
   507 | D:1      | Reached XP level 2. HP: 10/21 MP: 0/0
  1153 | D:1      | Found a faded altar of an unknown god.
  1156 | D:1      | Reached XP level 3. HP: 25/25 MP: 0/0
  1156 | D:1      | Learned a level 1 spell: Magic Dart
  1799 | D:2      | Reached XP level 4. HP: 7/31 MP: 0/0
  2115 | D:2      | Found Ledem's Book Shoppe.
  2131 | D:2      | Reached skill level 1 in Short Blades
  2389 | D:2      | Reached XP level 5. HP: 32/36 MP: 0/0
  2389 | D:2      | Learned a level 2 spell: Passwall
  3211 | D:3      | Identified the +0 hand axe of Glory {antimagic, Will++
                  | rCorr Dex-3 Stlth+}
  3288 | D:3      | Identified the +3 trident of Uskayaw, Hungering {flame,
                  | rPois rF+ Str-3 Dex+6}
  3755 | D:3      | Killed from afar by an orc priest

Illustrated notes

Levels and vault maps discovered:
D:1:      ncdulo_smallfort, layout_basic, shapermc_ecumenical_altar_petra
D:2:      layout_loops_corners, serial_shops, shop, roderic_lattice_a,
          kennysheep_generic_room_10
D:3:      minmay_skewed_foursquare, layout_basic

Skill      XL: |  1  2  3  4  5 |
---------------+----------------+-----
Stealth        | 2 |  2.6
Short Blades   | 1 |  1.8
Dodging        | 3 |  3.1
Fighting       | |  0.7
Polearms       | |  0.3
Unarmed Combat | |  0.5
Spellcasting   | |  3.9

Action                   |  1- 3 |  4- 6 || total
-------------------------+-------+-------++-------
Melee: Unarmed           |    23 |       ||    23
       Short sword       |    58 |    95 ||   153
       Trident           |       |    14 ||    14
 Cast: Summon Small Mamm |     6 |       ||     6
       Call Imp          |     3 |     6 ||     9
  Use: Scroll            |     3 |     4 ||     7
       Potion            |       |     4 ||     4
 Stab: Sleeping          |     6 |     3 ||     9
Armor: Robe              |    11 |    25 ||    36
Dodge: Dodged            |    69 |    74 ||   143
